 Dungeon Crawl Stone Soup version 0.18-a0-1805-g8ab820f (console) character file.

283227 MenacingMecha the Brawler (level 20, -8/209 HPs)
             Began as a Troll Berserker on Apr 24, 2016.
             Was the Champion of Trog.
             Mangled by a deep troll (28 damage)
             ... led by an ironheart preserver
             ... on level 3 of the Vaults on Apr 26, 2016.
             The game lasted 06:43:46 (40688 turns).

MenacingMecha the Brawler (Troll Berserker)        Turns: 40688, Time: 06:43:46

Health: -8/209     AC: 15    Str: 34    XL:     20   Next: 12%
Magic:  17/26      EV: 22    Int:  5    God:    Trog [******]
Gold:   3118       SH: 16    Dex: 23    Spells: 0 memorised, 19 levels left

rFire  + . .     SeeInvis .       - Unarmed
rCold  . . .     Gourm    +     q - +2 troll leather armour
rNeg   . . .     Faith    .     X - +3 shield of Experimentation {rElec}
rPois  .         Spirit   .     (helmet restricted)
rElec  +         Dismiss  .     S - +0 cloak of Piodio {Dex+5}
rCorr  .         Reflect  .     (gloves unavailable)
SustAt .         Harm     .     (boots unavailable)
MR     ++++.                    H - amulet of Sopeturchy {*Contam +Blink +Rage rF+ MR+ Str+4}
Stlth  ++........               g - ring of Icuonuic {+Fly Dex+5}
                                o - +5 ring of protection

@: about to teleport, regenerating, incredibly resistant to hostile
enchantments, unstealthy
A: unfitting armour, claws 3, fast metabolism 3, gourmand, regeneration 2,
shaggy fur 1, tough skin 2
a: Berserk, Trog's Hand, Brothers in Arms, Burn Spellbooks, Renounce Religion,
Evoke Blink, Evoke Berserk Rage, Evoke Flight
}: 1/15 runes: serpentine


You were on level 3 of the Vaults.
You worshipped Trog.
Trog was exalted by your worship.
You were very full.

You visited 7 branches of the dungeon, and saw 38 of its levels.
You visited 1 bazaar.
You also visited: Sewer.

You collected 3503 gold pieces.
You spent 385 gold pieces at shops.

Inventory:

Hand Weapons
 I - a +5 blowgun
Missiles
 u - 6 throwing nets
 E - 9 curare-tipped needles
 O - 37 large rocks (quivered)
Armour
 q - a +2 troll leather armour (worn)
 S - the +0 cloak of Piodio (worn) {Dex+5}
   (You found it on level 2 of the Lair of Beasts)

   It affects your dexterity (+5).
 X - the +3 shield of Experimentation (worn) {rElec}
   (You found it on level 8 of the Lair of Beasts)

   It insulates you from electricity.
Jewellery
 b - an uncursed ring of resist corrosion
 g - the ring of Icuonuic (right claw) {+Fly Dex+5}
   (You bought it in a shop in a bazaar)

   [ring of flight]

   It affects your dexterity (+5).
   It lets you fly.
 n - an uncursed ring of see invisible
 o - a +5 ring of protection (left claw)
 z - an uncursed ring of protection from cold
 H - the amulet of Sopeturchy (around neck) {*Contam +Blink +Rage rF+ MR+ Str+4}
   (You found it on level 10 of the Dungeon)

   [amulet of rage]

   It affects your strength (+4).
   It protects you from fire.
   It affects your resistance to hostile enchantments.
   It lets you blink.
   It lets you go berserk.
   It causes magical contamination when unequipped.
 V - an uncursed ring of poison resistance
Wands
 a - a wand of iceblast (7/15)
 i - a wand of lightning (5/15)
 l - a wand of lightning (13/15)
 y - a wand of iceblast (4/15)
 C - a wand of acid (5/15)
 D - a wand of iceblast (4/15)
 L - a wand of digging (17/24)
 M - a wand of disintegration (17/24)
Scrolls
 d - 6 scrolls of fog
 e - 19 scrolls of identify
 f - 3 scrolls of blinking
 h - 2 scrolls of fear
 j - 13 scrolls of remove curse
 w - a scroll of teleportation
 G - 3 scrolls of magic mapping
 K - 2 scrolls of enchant armour
 T - a scroll of silence
 U - 8 scrolls of recharging
Potions
 c - 2 potions of resistance
 p - 12 potions of curing
 s - 2 potions of agility
 x - 9 potions of might
 B - 3 potions of invisibility
 N - a potion of haste
 P - a potion of ambrosia
Books
 m - a Necronomicon

   Spells                             Type                      Level
   a - Haunt                          Necromancy/Summoning         7
   b - Borgnjor's Revivification      Necromancy                   8
   c - Death's Door                   Charms/Necromancy            8
   d - Necromutation                  Transmutation/Necromancy     8
   Trog disapproves of the use of such an item.
Miscellaneous
 r - a lamp of fire
 A - a phial of floods
 F - a stone of tremors
 J - a sack of spiders
 R - a fan of gales
 Z - an ornate deck of summoning {the Elements}
Comestibles
 k - 21 meat rations
 v - 7 chunks of flesh


   Skills:
 + Level 14.8 Fighting
 - Level 12.0 Throwing
 - Level 13.0 Dodging
 - Level 9.1 Shields
 - Level 20.0 Unarmed Combat
 - Level 10.0 Evocations


You had 19 spell levels left.
You didn't know any spells.

Dungeon Overview and Level Annotations

Branches:
Dungeon (15/15)            Temple (0/1) D:5            Lair (8/8) D:10
 Shoals (3/4) Lair:5        Snake (4/4) Lair:6        Slime (0/6) Lair:7
    Orc (2/2) D:9             Elf (2/3) Orc:2        Vaults (4/5) D:13
  Crypt (0/3) Vaults:2     Depths (0/5) D:15

Altars:
Ashenzari
Gozag
Kikubaaqudgha
Makhleb
Nemelex Xobeh
Pakellas
Qazlal
Ru
Sif Muna
Trog
Yredelemnul
Zin
The Shining One
Beogh
Jiyva

Shops:
D:6 *   Orc:2 }[   Shoals:2 !   Vaults:1 *[*:   Vaults:3 (

Annotations:
Lair:2 stash, exclusion: oklob plant
Lair:6 exclusion: oklob plant
Orc:2 Saint Roka
Elf:2 5 runed doors


Innate Abilities, Weirdness & Mutations

You are too large for most types of armour.
You have claws for hands.
Your metabolism is lightning-fast.
You like to eat raw meat.
You heal very quickly.
You are covered in fur (AC +1).
You have very tough skin (AC +2).


Message History

The vault warden is severely wounded.
You block the orc's attack. You block the vault guard's attack.
The ironbrand convoker misses you.
The orc knight roars a battlecry!
The orc goes into a battle-frenzy!
You block the orc knight's attack. The vault warden blocks your attack.
The vault warden is severely wounded.
The orc no longer looks unusually strong.
You block the deep troll's attack. x3; The orc completely misses you.
Unknown command.
The vault warden blocks your attack.
The vault warden is severely wounded.
The vault warden misses you.
The vault guard hits you from afar with a bardiche!!
* * * LOW HITPOINT WARNING * * *
The eye of draining gazes at you.
You feel your power leaking away. The ironbrand convoker misses you.
The deep troll bites you!!
You die... ###+##### #.......# #.......# ...... #.......# ...... #.......# ...... #.......# ...... #.......# p...... #+######### po......

#o@pp?G...#.p.......
#poT......'.. ....!.
#(po......# ......
#......)..# ......
#....(...[# ......
#...(.....# ......
#.........# ......
#.........# ######
#.........#


You could see a vault warden, a vault guard, an orc knight, a deep troll, 2
ironbrand convokers, an eye of draining shaped shifter and 2 orcs.

Vanquished Creatures
  Sojobo (Vaults:3)
  A kraken (Shoals:2)
  2 tengu reavers (Vaults:3)
  10 greater nagas
  2 deep elf sorcerers
  5 vault wardens
  An orc warlord (Orc:1)
  A ghoul (Vaults:2)
  4 ironheart preservers
  2 stone giants
  A very ugly thing (Vaults:3)
  A deep elf demonologist (Elf:1)
  Azrael (D:15)
  2 deep elf annihilators
  2 merfolk javelineers
  3 deep elf death magi
  A fire dragon (Lair:3)
  Snorg (Lair:6)
  6 vault guards
  A deep elf high priest (Elf:1)
  A great orb of eyes (Vaults:1)
  7 merfolk impalers
  6 yaktaur captains
  3 hydras
  12 naga warriors
  A rakshasa (Vaults:1)
  An ice dragon (Vaults:4)
  Erica (D:9)
  The ghost of Murumi the Envoy of Void, a journeyman FoAK of Lugonu (Lair:1)
  6 anacondas
  5 catoblepae
  11 centaur warriors
  2 merfolk aquamancers
  6 dancing weapons (Elf:2)
  6 ogre magi
  21 death yaks
  The ghost of Geomchi the Fighter, a novice FoGl of Makhleb (D:7)
  2 death knights (Vaults:2)
  12 naga sharpshooters
  A vampire mage (D:15)
  Sonja (D:13)
  10 shock serpents
  7 deep elf knights
  4 salamander mystics
  A shadow wraith (Vaults:1)
  A fire crab (Vaults:3)
  19 skeletal warriors
  2 unseen horrors
  7 sea snakes
  9 deep elf archers
  A deep troll (Vaults:2)
  13 hill giants
  9 harpies (Shoals:2)
  2 necromancers
  A giant orange brain (Vaults:1)
  A lindwurm (Lair:7)
  A sphinx zombie (Vaults:1)
  6 naga ritualists
  A phantasmal warrior (Vaults:2)
  2 wizards
  10 ironbrand convokers
  6 orc knights
  30 deep elf magi
  8 mana vipers
  28 ugly things
  A wolf spider (Vaults:1)
  13 griffons
  A wolf spider zombie (D:15)
  9 cyclopes
  A stone giant zombie (D:15)
  4 orc sorcerers
  3 manticores
  13 salamanders
  11 fauns
  15 slime creatures
  A frost giant skeleton (D:15)
  Joseph (Lair:1)
  4 guardian serpents
  25 elephants
  41 black mambas
  10 vault sentinels
  2 water nymphs (Shoals:2)
  25 naga magi
  21 spiny frogs
  2 kobold demonologists
  2 gargoyles
  2 rime drakes
  A torpor snail (Lair:7)
  21 yaktaurs
  An efreet (D:15)
  5 komodo dragons
  7 freezing wraiths
  6 trolls
  A polar bear (Lair:4)
  3 wind drakes
  26 merfolk
  A hornet zombie (D:15)
  8 two-headed ogres
  5 boulder beetles
  26 blink frogs
  A stone giant simulacrum (Vaults:1)
  8 snapping turtles
  3 air elementals (Elf:1)
  4 shadows
  A deep troll skeleton (D:15)
  43 yaks
  5 basilisks
  5 water elementals
  5 fire elementals
  5 humans (D:7)
  4 wraiths
  2 fire bats (Lair:3)
  11 hippogriffs
  20 vampire mosquitoes
  A steam dragon (Lair:7)
  2 hungry ghosts
  2 wargs
  A deep troll zombie (Vaults:1)
  2 mottled dragons
  40 nagas
  A water moccasin (shapeshifter) (Vaults:2)
  The ghost of MenacingMecha the Cutter, an amateur KoAr (D:3)
  16 water moccasins
  2 hell hounds (D:15)
  20 porcupines
  29 orc warriors
  5 ice beasts
  3 phantoms
  4 sky beasts
  2 black bears
  2 human zombies (Vaults:1)
  21 centaurs
  5 boggarts (Vaults:3)
  9 wolves
  26 ogres
  14 crocodiles
  Blork the orc (D:5)
  A big kobold (D:8)
  20 giant frogs
  A yaktaur skeleton (D:15)
  An earth elemental (Elf:1)
  4 scorpions
  A wyvern skeleton (D:14)
  A boulder beetle zombie (Vaults:1)
  6 electric eels
  9 howler monkeys
  7 crimson imps
  A lava snake (Lair:3)
  2 jellies
  5 centaur zombies
  15 orc priests
  2 giant frog skeletons
  5 hounds
  18 orc wizards
  3 centaur skeletons
  Jessica (D:13)
  12 iguanas
  7 worker ants
  A merfolk avatar (Sewer)
  8 sirens
  16 sheep
  2 hound skeletons
  A howler monkey zombie (D:9)
  8 gnolls
  12 adders
  A howler monkey skeleton (D:4)
  56 river rats
  2 shadow imps
  An adder zombie (D:9)
  3 dart slugs
  7 giant geckos
  83 orcs
  6 ball pythons
  10 bats
  6 giant cockroaches
  8 goblins
  13 hobgoblins
  16 jackals
  13 kobolds
  2 quokkas
  A giant gecko skeleton (D:7)
  10 giant newts
  A quokka zombie (D:9)
  30 rats
  A fungus (Lair:6)
  3 plants
  7 tentacles
  2 withered plants (D:15)
1430 creatures vanquished.

Vanquished Creatures (collateral kills)
  2 deep elf archers (Elf:2)
  2 deep elf magi (Elf:2)
4 creatures vanquished.

Vanquished Creatures (others)
  A deep elf mage (Elf:1)
  A bush (D:10)
  21 fungi
  13 plants
  11 tentacles
  1142 tentacle segments
  A withered plant (D:15)
1190 creatures vanquished.

Grand Total: 2624 creatures vanquished

Notes
Turn   | Place    | Note
--------------------------------------------------------------
     0 | D:1      | MenacingMecha the Troll Berserker began the quest for the Orb.
     0 | D:1      | Reached XP level 1. HP: 22/22 MP: 0/0
    95 | D:1      | Reached XP level 2. HP: 29/29 MP: 1/1
   349 | D:1      | Reached skill level 4 in Unarmed Combat
   425 | D:1      | Reached ** piety under Trog
   597 | D:1      | Reached XP level 3. HP: 36/36 MP: 2/2
   903 | D:2      | Found an oddly glowing altar of Pakellas.
  1025 | D:2      | Reached skill level 5 in Unarmed Combat
  1025 | D:2      | Reached XP level 4. HP: 38/44 MP: 3/3
  1475 | D:3      | Noticed MenacingMecha's ghost (amateur KoAr)
  1588 | D:3      | Killed MenacingMecha's ghost
  1588 | D:3      | Reached skill level 6 in Unarmed Combat
  1588 | D:3      | Reached XP level 5. HP: 50/50 MP: 4/4
  1767 | D:3      | Found a sparkling altar of Nemelex Xobeh.
  1771 | D:3      | Reached *** piety under Trog
  1896 | D:3      | Found a glowing silver altar of Zin.
  2334 | D:4      | Reached XP level 6. HP: 58/59 MP: 5/5
  2451 | D:4      | Reached skill level 7 in Unarmed Combat
  2779 | D:4      | Found a sparkling altar of Nemelex Xobeh.
  2848 | D:5      | Entered Level 5 of the Dungeon
  2857 | D:5      | Reached skill level 8 in Unarmed Combat
  2857 | D:5      | Reached XP level 7. HP: 65/66 MP: 6/6
  2987 | D:5      | Reached **** piety under Trog
  3017 | D:5      | Found a staircase to the Ecumenical Temple.
  3082 | D:5      | Found a glowing drain.
  3093 | Sewer    | Entered a sewer
  3427 | D:5      | Upgraded the game from 0.18-a0-1800-gdc7a371 to 0.18-a0-1804-g0930707
  3470 | D:5      | Noticed Blork the orc
  3479 | D:5      | Killed Blork the orc
  3724 | D:6      | Found an opulent altar of Gozag.
  3728 | D:6      | Found Gozag's Platinum Reserve.
  3870 | D:6      | Reached skill level 9 in Unarmed Combat
  3924 | D:6      | Found a burning altar of Makhleb.
  4075 | D:6      | Reached ***** piety under Trog
  4075 | D:6      | Reached XP level 8. HP: 75/75 MP: 7/7
  4312 | D:6      | Found a glowing golden altar of the Shining One.
  4612 | D:7      | Found a bloodstained altar of Trog.
  4749 | D:7      | Reached skill level 10 in Unarmed Combat
  4913 | D:7      | Noticed Geomchi's ghost (novice FoGl)
  4922 | D:7      | Killed Geomchi's ghost
  4922 | D:7      | Reached skill level 11 in Unarmed Combat
  5003 | D:7      | Reached XP level 9. HP: 80/81 MP: 8/8
  5555 | D:8      | Found a stormy altar of Qazlal.
  5749 | D:8      | Reached skill level 5 in Fighting
  5749 | D:8      | Reached skill level 5 in Dodging
  6247 | D:9      | Reached skill level 12 in Unarmed Combat
  6344 | D:9      | Noticed a cyclops
  6387 | D:9      | Noticed Erica
  6394 | D:9      | Killed Erica
  6394 | D:9      | Reached XP level 10. HP: 96/96 MP: 9/9
  6487 | D:9      | Reached skill level 13 in Unarmed Combat
  6682 | D:9      | Found a staircase to the Orcish Mines.
  6810 | D:9      | You fall through a shaft for 3 floors!
  6846 | D:11     | Noticed a hill giant
  6854 | D:11     | Killed a hill giant
  7026 | D:10     | Entered Level 10 of the Dungeon
  7036 | D:10     | Received a gift from Trog
  7038 | D:10     | Noticed a hill giant
  7068 | D:10     | Killed a hill giant
  7168 | D:11     | Reached skill level 1 in Throwing
  7326 | D:11     | Reached XP level 11. HP: 57/105 MP: 10/10
  7504 | D:10     | Found a staircase to the Lair.
  7531 | D:10     | Noticed a hill giant
  7541 | D:10     | Reached skill level 5 in Throwing
  7546 | D:10     | Killed a hill giant
  7776 | D:10     | Got a scorched steel amulet
  7780 | D:10     | Identified the amulet of Sopeturchy {*Contam +Blink +Rage rF+ MR+ Str+4} (You found it on level 10 of the Dungeon)
  8004 | D:10     | Noticed a hill giant
  8011 | D:10     | Reached skill level 14 in Unarmed Combat
  8017 | D:10     | Killed a hill giant
  8017 | D:10     | Reached skill level 1 in Evocations
  8331 | D:10     | Noticed a hill giant
  8342 | D:10     | Killed a hill giant
  8710 | D:9      | Found a shattered altar of Ashenzari.
  8722 | D:9      | Received a gift from Trog
  9012 | Lair:1   | Entered Level 1 of the Lair of Beasts
  9012 | Lair:1   | Noticed Murumi's ghost (journeyman FoAK)
  9015 | Lair:1   | Killed Murumi's ghost
  9015 | Lair:1   | Reached skill level 5 in Evocations
  9271 | Lair:1   | Reached XP level 12. HP: 114/114 MP: 15/15
  9279 | Lair:1   | Reached skill level 1 in Shields
 10272 | Lair:1   | Noticed Joseph
 10278 | Lair:1   | Killed Joseph
 10627 | Lair:2   | Reached skill level 5 in Shields
 11260 | Lair:2   | Got an ancient cloak
 11272 | Lair:2   | Identified the cursed +0 cloak of Piodio {Dex+5} (You found it on level 2 of the Lair of Beasts)
 11806 | Lair:3   | Received a gift from Trog
 11951 | Lair:3   | Noticed a fire dragon
 11976 | Lair:3   | Killed a fire dragon
 12535 | Lair:3   | Reached ****** piety under Trog
 12537 | Lair:3   | Received a gift from Trog
 12982 | Lair:4   | Noticed an eight-headed hydra
 12992 | Lair:4   | Killed a 13-headed hydra
 12992 | Lair:4   | Reached XP level 13. HP: 27/120 MP: 16/16
 13656 | Lair:5   | Received a gift from Trog
 13979 | Lair:5   | Gained mutation: Scrolls take you a little longer to read. [potion of mutation]
 13979 | Lair:5   | Gained mutation: You are agile. (Dex +2) [potion of mutation]
 13979 | Lair:5   | Gained mutation: You can translocate small distances at will. [potion of mutation]
 14071 | Lair:2   | Lost mutation: Scrolls take you a little longer to read. [potion of cure mutation]
 14071 | Lair:2   | Lost mutation: You are agile. (Dex +2) [potion of cure mutation]
 14071 | Lair:2   | Lost mutation: You can translocate small distances at will. [potion of cure mutation]
 14220 | Lair:5   | Found a staircase to the Shoals.
 15368 | Lair:6   | Found a staircase to the Snake Pit.
 15382 | Lair:6   | Received a gift from Trog
 15469 | Lair:6   | Noticed Snorg
 15478 | Lair:6   | Killed Snorg
 16005 | Lair:7   | Found a viscous altar of Jiyva.
 16013 | Lair:7   | Found a staircase to the Slime Pits.
 16200 | Lair:7   | Reached XP level 14. HP: 124/137 MP: 19/19
 16612 | Lair:8   | Entered Level 8 of the Lair of Beasts
 16645 | Lair:8   | Received a gift from Trog
 17019 | Lair:8   | Reached skill level 10 in Fighting
 18044 | Lair:8   | Got a crude shield
 18045 | Lair:8   | Identified the +3 shield of Experimentation {rElec} (You found it on level 8 of the Lair of Beasts)
 18280 | Lair:1   | Received a gift from Trog
 18350 | Orc:1    | Entered Level 1 of the Orcish Mines
 18640 | Orc:2    | Entered Level 2 of the Orcish Mines
 18640 | Orc:2    | Noticed an orc warlord
 18665 | Orc:1    | Received a gift from Trog
 18756 | Orc:1    | Killed an orc warlord
 19029 | Orc:2    | Found a roughly hewn altar of Beogh.
 19144 | Orc:2    | Found a roughly hewn altar of Beogh.
 19358 | Orc:2    | Found a roughly hewn altar of Beogh.
 19398 | Orc:2    | Found a staircase to the Elven Halls.
 19430 | Orc:2    | Found a roughly hewn altar of Beogh.
 19505 | Orc:2    | Found a roughly hewn altar of Beogh.
 19508 | Orc:2    | Found Fiypp's Gadget Emporium.
 19591 | Orc:2    | Found a roughly hewn altar of Beogh.
 19592 | Orc:2    | Found Acuyr's Armour Boutique.
 19597 | Orc:2    | Received a gift from Trog
 19609 | Orc:2    | Reached XP level 15. HP: 105/149 MP: 20/20
 19817 | Orc:2    | Reached skill level 15 in Unarmed Combat
 19820 | Orc:2    | Noticed Saint Roka
 20878 | D:13     | Noticed Sonja
 20883 | D:13     | Killed Sonja
 21215 | D:13     | Identified a scroll of acquirement
 21216 | D:13     | Got a smoking cloak
 21227 | D:13     | Identified the +0 cloak "Goniutta" {rCorr} (You acquired it on level 13 of the Dungeon)
 21273 | D:13     | Received a gift from Trog
 21350 | D:13     | Noticed Jessica
 21357 | D:13     | Killed Jessica
 21383 | D:13     | Found a deep blue altar of Sif Muna.
 21490 | D:13     | Found a gate to the Vaults.
 22249 | D:14     | Found a sacrificial altar of Ru.
 22720 | Snake:1  | Entered Level 1 of the Snake Pit
 22758 | Snake:1  | Received a gift from Trog
 23738 | Snake:2  | Noticed a greater naga
 23752 | Snake:2  | Killed a greater naga
 23818 | Snake:2  | Noticed a greater naga
 23825 | Snake:2  | Killed a greater naga
 23825 | Snake:2  | Reached skill level 10 in Dodging
 24198 | Snake:2  | Noticed a greater naga
 24450 | Snake:2  | Killed a greater naga
 24654 | Snake:3  | Reached XP level 16. HP: 93/165 MP: 21/21
 25103 | Snake:3  | Received a gift from Trog
 25206 | Snake:3  | Received a gift from Trog
 25867 | Elf:1    | Entered Level 1 of the Elven Halls
 26043 | Elf:1    | Found a flickering gateway to a bazaar.
 26053 | Bazaar   | Entered a bazaar
 26070 | Bazaar   | Found Towaciz's Book Shoppe.
 26092 | Bazaar   | Found Gevisid's Jewellery Shoppe.
 26112 | Bazaar   | Found Voublenee's Armour Shoppe.
 26159 | Bazaar   | Bought the ring of Icuonuic {+Fly Dex+5} for 385 gold pieces
 26540 | Elf:1    | Reached skill level 10 in Evocations
 27156 | Elf:2    | Received a gift from Trog
 27337 | Elf:2    | Received a gift from Trog
 27343 | Elf:2    | Reached skill level 16 in Unarmed Combat
 27469 | Elf:2    | Got a bloodstained robe
 27470 | Elf:2    | Identified the +2 robe of the City {rPois Dex+2} (You found it on level 2 of the Elven Halls)
 27621 | Elf:2    | Found a huge runed gate.
 27621 | Elf:2    | Found a huge runed gate.
 27622 | Elf:2    | Found a huge runed gate.
 27623 | Elf:2    | Found a huge runed gate.
 27633 | Elf:2    | Found a huge runed gate.
 28049 | Shoals:1 | Entered Level 1 of the Shoals
 28066 | Shoals:1 | Upgraded the game from 0.18-a0-1804-g0930707 to 0.18-a0-1805-g8ab820f
 28528 | Shoals:1 | Reached XP level 17. HP: 130/172 MP: 23/23
 28666 | Shoals:1 | Reached skill level 17 in Unarmed Combat
 29224 | Shoals:2 | Found Anarojum's Distillery.
 29486 | Shoals:2 | Noticed a kraken
 29509 | Shoals:2 | Killed a kraken
 29718 | Shoals:2 | Reached skill level 18 in Unarmed Combat
 29899 | Shoals:2 | Received a gift from Trog
 30236 | Shoals:3 | Reached skill level 10 in Throwing
 30441 | Shoals:3 | Noticed a kraken
 30675 | Shoals:1 | Received a gift from Trog
 30960 | D:15     | Entered Level 15 of the Dungeon
 31136 | D:15     | Received a gift from Trog
 31137 | D:15     | Found a staircase to the Depths.
 31670 | D:15     | Noticed Azrael
 31681 | D:15     | Killed Azrael
 32291 | Snake:4  | Entered Level 4 of the Snake Pit
 32399 | Snake:4  | Reached XP level 18. HP: 172/185 MP: 24/24
 32718 | Snake:4  | Reached skill level 19 in Unarmed Combat
 32769 | Snake:4  | Received a gift from Trog
 33624 | Snake:4  | Received a gift from Trog
 33634 | Snake:4  | Reached skill level 20 in Unarmed Combat
 34215 | Snake:4  | Got a serpentine rune of Zot
 34228 | Snake:4  | Received a gift from Trog
 34726 | Vaults:1 | Entered Level 1 of the Vaults
 35138 | Vaults:1 | Found Everub's General Store.
 35151 | Vaults:1 | Found Laitet's Armour Shoppe.
 35708 | Vaults:1 | Received a gift from Trog
 35726 | Vaults:1 | Reached XP level 19. HP: 136/193 MP: 25/25
 36046 | Vaults:1 | Found Ithawn's General Store.
 36640 | Vaults:1 | Received a gift from Trog
 36689 | Vaults:1 | Found Tekoabbe's Book Emporium.
 37741 | Vaults:2 | Received a gift from Trog
 37962 | Vaults:2 | Received a gift from Trog
 38319 | Vaults:2 | Found a staircase to the Crypt.
 38319 | Vaults:2 | Found an ancient bone altar of Kikubaaqudgha.
 38331 | Vaults:2 | Found a basalt altar of Yredelemnul.
 38658 | Vaults:2 | Received a gift from Trog
 39385 | Vaults:3 | You fall through a shaft!
 39822 | Vaults:3 | Found Foifet's Weapon Shop.
 39829 | Vaults:3 | Noticed Sojobo
 39866 | Vaults:3 | Killed Sojobo
 39870 | Vaults:3 | Received a gift from Trog
 40021 | Vaults:3 | Reached XP level 20. HP: 208/208 MP: 26/26
 40688 | Vaults:3 | Mangled by a deep troll

Vault maps used:
D:1:      mrwooster_arrival_arrow
D:2:      overflow_temple_1_default
D:3:      zin_academy, nemelex_deck
D:4:      first_bread, nemelex_diamond_rough_becter
D:5:      lightli_sewer_entry_pipes, minmay_misc_feat_four_crosses,
          uniq_blork_the_orc
D:6:      nicolae_gozag_zags_fifth_avenue, kennysheep_little_box,
          minmay_misc_feat_cross, minivault_24, tso_altar
D:7:      lemuel_round_altar, dk_vineyard_3, minmay_ruffians
D:8:      grunt_qazlal_clouds
D:9:      evilmike_ruin_ashenzari, orc_0_dummy, uniq_erica
D:10:     minmay_lair_entry_grove, hangedman_fish_farm
D:13:     david_vaults_4, minmay_misc_feat_secret_circle, corner_web_ring,
          grunt_decor_fettered, tgw_sif, uniq_sonja
D:14:     nicolae_ru_path_of_blood
D:15:     gammafunk_depths_entry_grave, uniq_azrael
Lair:1:   beast_lair_carwin_7, uniq_joseph
Lair:2:   minmay_lair_oklob_tunnel, grunt_megastairs_5, serial_bayou_shore_a,
          infiniplex_staircase_pool_2
Lair:3:   dragon1_lemuel, serial_bayou_lagoon_b
Lair:5:   shoals_dummy_entry, serial_bayou, serial_bayou_ford_a,
          serial_bayou_pond_e, serial_bayou_pond_a, serial_bayou_crossing,
          lemuel_fruit_fields
Lair:6:   dummy_snake_entry, minmay_lair_oklob_bushes, uniq_snorg
Lair:7:   slime_altar_1, minivault_23, lemuel_fruit_tree, grunt_megastairs_2
Lair:8:   evilmike_catoblepas_cave
Shoals:1: st_sunken_huts
Shoals:2: serial_shops, nicolae_shop_crystal,
          nicolae_shoals_kraken_intersection, uniq_polyphemus
Snake:1:  grunt_megastairs_3
Snake:4:  snake_pit
Orc:2:    grunt_orc_community_town_hall, grunt_orc_community_big_house_1,
          grunt_orc_community_big_house_2, grunt_orc_community_house_1,
          grunt_orc_community_house_1, grunt_orc_community_house_1,
          grunt_orc_community_house_2, grunt_orc_community_house_3,
          lightli_orcish_oven
Elf:1:    eino_elf_arrival_shootout, serial_shops, bzr_firewalk,
          hangedman_elf_represent
Vaults:1: v_misc_27, st_squares, ontoclasm_vaults_hangar, serial_ice_h,
          nicolae_vaults_hallways_thing, v_pattern_4,
          nicolae_vaults_mini_display_case, hangedman_vaults_corner,
          nicolae_vaults_what_the_h, vaults_room_door_hall,
          nicolae_vaults_diagonal_hallway_6, ontoclasm_vaults_idyll,
          serial_shops, nicolae_shop_stone, shop, shop_fountains,
          nicolae_shop_window_shopping
Vaults:2: minmay_crypt_entry_necro_gods, v_misc_13, v_misc_18, v_misc_27,
          v_misc_11, vaults_room_grid
Vaults:3: nicolae_vaults_display_case, ontoclasm_vaults_shuriken, v_rooms_6,
          hangedman_vaults_corner_blocks, vaults_room_fancy_cross,
          vaults_standard_mumra_lines, nicolae_vaults_asterisk, v_pattern_5,
          ontoclasm_vaults_bender, vaults_room_corners, serial_shops,
          nicolae_shop_trees, uniq_sojobo
Vaults:4: nicolae_vaults_big_ls, nicolae_vaults_little_squares_1, v_misc_10,
          v_misc_16, v_misc_16, dpeg_vaults_monster_box, vaults_dpeg_hooks,
          vaults_dpeg_diagonal, v_pattern_3, nicolae_vaults_shelves_hall,
          v_misc_2, nicolae_vaults_little_squares_4, v_misc_3
Bazaar:   bazaar_short_row
Sewer:    sewer_sea

Skill      XL: |  1  2  3  4  5  6  7  8  9 10 11 12 13 14 15 16 17 18 19 |
---------------+----------------------------------------------------------+-----
Unarmed Combat | 4 5 6 8 9 11 12 13 14 15 16 18 20 | 20.0
Fighting       | 3 5 6 8 10 11 12 13 14 | 14.8
Dodging        | 3 5 6 7 10 11 13 | 13.0
Throwing       | 3 5 9 10 11 12 | 12.0
Evocations     | 6 8 10 | 10.0
Shields        | 9 |  9.1

Action                   |  1- 3 |  4- 6 |  7- 9 | 10-12 | 13-15 | 16-18 | 19-21 || total
-------------------------+-------+-------+-------+-------+-------+-------+-------++-------
Melee: Unarmed           |    94 |   115 |   307 |   620 |  1414 |  1711 |   629 ||  4890
       Punch             |     2 |     2 |    13 |    19 |       |       |       ||    36
Throw: Tomahawk          |       |       |       |    36 |    31 |       |       ||    67
       Large rock        |       |       |       |    20 |    57 |    76 |    88 ||   241
       Javelin           |       |       |       |       |       |    10 |       ||    10
Invok: Berserk           |     1 |     1 |     2 |    15 |     5 |     2 |     1 ||    27
       Trog's Hand       |       |       |       |     1 |     2 |     6 |     3 ||    12
       Brothers in Arms  |       |       |       |       |       |     1 |       ||     1
 Abil: Evoke Flight      |       |       |       |       |       |     8 |       ||     8
       Evoke Blink       |       |       |       |       |       |     2 |       ||     2
Evoke: Wand              |       |       |       |       |     5 |     2 |       ||     7
       Stone of tremors  |       |       |       |       |       |     1 |       ||     1
  Use: Scroll            |       |       |    10 |     6 |    12 |     9 |     4 ||    41
       Potion            |       |       |     6 |     8 |     3 |     4 |     3 ||    24
 Stab: Sleeping          |       |       |       |     1 |     1 |     1 |     1 ||     4
       Petrified         |       |       |       |       |     5 |       |       ||     5
       Petrifying        |       |       |       |       |     1 |       |       ||     1
       Distracted        |       |       |       |       |       |       |     1 ||     1
  Eat: Chunk             |    15 |    19 |    37 |    81 |    96 |   108 |    46 ||   402
       Pizza             |       |       |       |     2 |       |       |       ||     2
       Bread ration      |       |       |       |       |     2 |     1 |       ||     3
       Fruit             |       |       |       |       |     1 |       |       ||     1
       Beef jerky        |       |       |       |       |       |     1 |       ||     1
Armor: Animal skin       |    39 |    29 |   105 |     7 |       |       |       ||   180
       Robe              |       |       |       |   134 |   140 |       |       ||   274
       Troll leather arm |       |       |       |       |    62 |   237 |    56 ||   355
Dodge: Dodged            |    57 |    51 |   114 |   243 |   377 |   692 |   236 ||  1770
Block: Shield            |       |       |       |   153 |   727 |  1156 |   358 ||  2394
